 Dungeon Crawl Stone Soup version 0.21.1-68-g103a7afc0a (webtiles) character file.

882 Raybro228 the Thaumaturge (level 7, 0/36 HPs)
             Began as a Deep Elf Ice Elementalist on Aug 3, 2018.
             Slain by a bullfrog (3 damage)
             ... on level 6 of the Dungeon.
             The game lasted 00:43:15 (5370 turns).

Raybro228 the Thaumaturge (DEIE)                    Turns: 5370, Time: 00:43:15

Health: 0/36       AC:  3    Str:  8    XL:     7   Next: 76%
Magic:  20/20      EV: 13    Int: 22    God:
Gold:   240        SH:  2    Dex: 15    Spells: 8/22 levels left

rFire    . . .     SeeInvis .   c - +1 mace (venom)
rCold    . . .     Gourm    .   (no shield)
rNeg     . . .     Faith    .   a - +0 robe
rPois    .         Spirit   .   (no helmet)
rElec    .         Reflect  +   (no cloak)
rCorr    .         Harm     .   q - +0 pair of gloves
MR       .....                  (no boots)
Stlth    ++........             o - +2 amulet of reflection
HPRegen  0.12/turn              w - +3 ring of strength
MPRegen  0.17/turn              i - ring of wizardry

@: no status effects
A: no striking features
a: no special abilities


You were on level 6 of the Dungeon.
You were not hungry.

You visited 1 branch of the dungeon, and saw 6 of its levels.

You collected 240 gold pieces.

Inventory:

Hand Weapons
 c - a +1 mace of venom (weapon)
 y - a +2 spear of freezing
Armour
 a - a +0 robe (worn)
 d - a +2 helmet
 q - a +0 pair of gloves (worn)
 t - a +0 shield
Jewellery
 i - a ring of wizardry (right hand)
 o - a +2 amulet of reflection (around neck)
 w - a +3 ring of strength (left hand)
 x - an uncursed ring of protection from cold {unknown}
Wands
 v - a wand of polymorph (8)
Scrolls
 f - a scroll of enchant armour {unknown}
 g - 4 scrolls of enchant weapon
 h - a scroll of blinking
 k - a scroll of fear {unknown}
 l - 2 scrolls of identify {unknown}
 m - a scroll of immolation {unknown}
 r - 3 scrolls of remove curse
 s - a scroll of magic mapping {unknown}
Potions
 e - 5 potions of curing {unknown}
 j - 4 potions of lignification {unknown}
 n - a potion of brilliance {unknown}
 p - a potion of heal wounds {unknown}
Books
 b - a book of Frost

   Spells                             Type                      Level
   a - Freeze                         Ice                          1
   b - Throw Frost                    Conjuration/Ice              2
   c - Ozocubu's Armour               Charms/Ice                   3
   d - Throw Icicle                   Conjuration/Ice              4
   e - Summon Ice Beast               Ice/Summoning                4
Comestibles
 u - 4 rations
 z - 4 chunks of flesh


   Skills:
 + Level 3.0 Dodging
 - Level 2.4 Stealth
 + Level 8.1 Spellcasting
 + Level 3.2 Conjurations
 + Level 1.5 Summonings
 + Level 6.9 Ice Magic


You had 8 spell levels left.
You knew the following spells:

 Your Spells              Type           Power        Failure   Level  Hunger
a - Freeze                Ice            ####         1%          1    None
b - Throw Frost           Conj/Ice       ####..       1%          2    None
c - Summon Ice Beast      Ice/Summ       ####....     5%          4    ###....
d - Ozocubu's Armour      Chrm/Ice       ###.....     2%          3    None
e - Throw Icicle          Conj/Ice       ####....     3%          4    ###....


Dungeon Overview and Level Annotations

Branches:
Dungeon (6/15)
 Temple: D:4-7

Altars:
Ashenzari
Fedhas
Ru
Xom
Zin

Shops:
D:5 =


Message History

You see here a club.
You see here 27 stones.
A bullfrog comes into view.
The bullfrog croaks.
You hear a howl!
The bullfrog hits you but does no damage.
The bullfrog barely misses you. x2
The bullfrog barely misses you.
The bullfrog hits you but does no damage. x2
The bullfrog closely misses you. The bullfrog hits you. x2
* * * LOW HITPOINT WARNING * * *
The bullfrog barely misses you. The bullfrog closely misses you.
The bullfrog hits you.
* * * LOW HITPOINT WARNING * * *
The bullfrog hits you.
* * * LOW HITPOINT WARNING * * *
The bullfrog hits you.
* * * LOW HITPOINT WARNING * * *
The bullfrog hits you.
You die...

#.#.#.#.####... #.
#..h.[h.....
#.###.#.##..... #
..##.#.# ##.. #.
#.##.#.# #..
#.#.##..
#.#.##..#####
#.##..F##
#.####.####@# .....#
#Y#
#..####.#######.#
####.......).......#
#.....####.#########
#.##### #.# #.# #.#
#.# #.# #.# #.#


You could see a bullfrog and a friendly ice beast.

Vanquished Creatures
  An ogre (D:4)
  The ghost of Schimscham the Magician, an amateur OpWz (D:4)
  A scorpion (D:4)
  An orc priest (D:6)
  An iguana (D:5)
  2 orc wizards (D:5)
  Robin (D:3)
  A gnoll (D:5)
  6 adders
  2 oozes
  2 worms
  3 dart slugs
  A leopard gecko (D:2)
  7 orcs
  3 ball pythons
  2 giant cockroaches
  13 goblins
  9 hobgoblins
  5 jackals
  4 quokkas
  12 bats
  4 frilled lizards
  11 kobolds
  10 rats
103 creatures vanquished.

Vanquished Creatures (collateral kills)
  A blink frog (D:5)
  A sky beast (D:5)
  A gnoll sergeant (D:5)
  A howler monkey (D:6)
  2 crimson imps
  3 orc priests
  3 orc wizards (D:5)
  A worker ant (D:6)
  6 gnolls (D:5)
  An adder (D:5)
  6 orcs
  A jackal (D:4)
  A quokka (D:5)
28 creatures vanquished.

Vanquished Creatures (others)
  An orc (D:6)
1 creature vanquished.

Grand Total: 132 creatures vanquished

Notes
Turn   | Place    | Note
-------+----------+-------------------------------------------
     0 | D:1      | Raybro228 the Deep Elf Ice Elementalist began the quest for the Orb.
     0 | D:1      | Reached XP level 1. HP: 10/10 MP: 6/6
   187 | D:1      | Reached XP level 2. HP: 5/15 MP: 2/8
   519 | D:1      | Reached skill level 4 in Spellcasting
   527 | D:1      | Reached XP level 3. HP: 16/19 MP: 5/10
   652 | D:2      | Found a blossoming altar of Fedhas.
   872 | D:2      | Learned a level 2 spell: Throw Frost
   976 | D:2      | Reached XP level 4. HP: 24/24 MP: 5/12
  1037 | D:2      | Found a shattered altar of Ashenzari.
  1641 | D:3      | Found a sacrificial altar of Ru.
  1826 | D:3      | Reached skill level 5 in Spellcasting
  1882 | D:3      | Noticed Robin
  1911 | D:3      | Killed Robin
  2171 | D:3      | Reached XP level 5. HP: 28/28 MP: 8/14
  2229 | D:3      | Found a shimmering altar of Xom.
  2378 | D:4      | Noticed an ogre
  2394 | D:4      | Killed an ogre
  2394 | D:4      | Reached skill level 6 in Spellcasting
  2394 | D:4      | Reached skill level 5 in Ice Magic
  2470 | D:4      | Noticed Schimscham's ghost (amateur OpWz)
  2500 | D:4      | Killed Schimscham's ghost
  2500 | D:4      | Reached XP level 6. HP: 18/32 MP: 5/17
  2516 | D:4      | Learned a level 4 spell: Summon Ice Beast
  2520 | D:4      | Learned a level 3 spell: Ozocubu's Armour
  2525 | D:4      | Learned a level 4 spell: Throw Icicle
  3320 | D:5      | Entered Level 5 of the Dungeon
  3405 | D:5      | Noticed a sky beast
  3463 | D:5      | Killed a sky beast
  3489 | D:5      | Found a glowing silver altar of Zin.
  3765 | D:5      | Reached skill level 7 in Spellcasting
  3941 | D:5      | Reached XP level 7. HP: 36/36 MP: 3/19
  4112 | D:5      | Found Guva's Jewellery Boutique.
  4314 | D:5      | Noticed a blink frog
  4562 | D:5      | Reached skill level 1 in Summonings
  5028 | D:5      | Killed a blink frog
  5157 | D:6      | Reached skill level 8 in Spellcasting
  5370 | D:6      | Slain by a bullfrog

Skill      XL: |  1  2  3  4  5  6  7 |
---------------+----------------------+-----
Spellcasting   | 4 5 6 7 8 |  8.1
Ice Magic      | 4 5 6 |  6.9
Conjurations   | 2 3 |  3.2
Summonings     | 1 |  1.5
Dodging        | 3 |  3.0
Stealth        | |  2.4

Action                   |  1- 3 |  4- 6 |  7- 9 || total
-------------------------+-------+-------+-------++-------
Melee: Unarmed           |     2 |       |       ||     2
       Mace              |       |     1 |     8 ||     9
 Cast: Freeze            |    65 |    35 |     4 ||   104
       Throw Frost       |     2 |    69 |    18 ||    89
       Summon Ice Beast  |       |     7 |    19 ||    26
       Throw Icicle      |       |     1 |       ||     1
Evoke: Wand              |       |       |     1 ||     1
  Use: Scroll            |       |     3 |       ||     3
 Stab: Sleeping          |     1 |       |       ||     1
  Eat: Chunk             |       |     2 |     7 ||     9
       Ration            |       |     2 |       ||     2
Armor: Robe              |    13 |     3 |     3 ||    19
Dodge: Dodged            |    34 |    19 |    16 ||    69
Block: Other             |       |     1 |     1 ||     2
